 Dungeon Crawl Stone Soup version 0.24.0-125-gc4c63601f3 (webtiles) character file.

Game seed: 16841233039000098930, levelgen mode: deterministic

4092 Descartes the Gouger (level 10, -12/48 HPs)
             Began as a Felid Monk on Feb 29, 2020.
             Killed from afar by an efreet (36 damage)
             ... with a fireball
             ... on level 9 of the Dungeon.
             The game lasted 00:35:25 (19592 turns).

Descartes the Gouger (Felid Monk)                  Turns: 19592, Time: 00:35:26

Health: -12/48     AC:  2    Str: 19    XL:     10   Next: 5%
Magic:  16/16      EV: 28    Int:  8    God:
Gold:   812        SH:  0    Dex: 22    Spells: 4/9 levels left
                                        Lives:  0   Deaths: 3

rFire    . . .     SeeInvis +     - Unarmed
rCold    . . .     Gourm    .   (shield unavailable)
rNeg     . . .     Faith    .   (armour unavailable)
rPois    .         Spirit   .   (helmet unavailable)
rElec    .         Reflect  .   (cloak unavailable)
rCorr    .         Harm     .   (gloves unavailable)
MR       +....                  (boots unavailable)
Stlth    +++++.....             s - amulet of rage
HPRegen  0.16/turn              C - ring "Qafanle" {Str+4 Int-3 Dex+2 Slay+2}
MPRegen  0.15/turn              B - +5 ring of strength

@: studying Air Magic, quick
A: very small, no armour, no weapons or thrown items, stealth, claws 1, fangs 3,
see invisible, carnivore, speed 1, shaggy fur 2, slow metabolism 1, sharp paws
a: Evoke Berserk Rage


You were on level 9 of the Dungeon.
You were full.

You visited 2 branches of the dungeon, and saw 10 of its levels.
You also visited: Sewer.

You collected 882 gold pieces.
You spent 70 gold pieces at shops.

Inventory:

Missiles
 b - 194 stones
 j - 95 arrows
Jewellery
 h - an uncursed ring of resist corrosion
 n - an uncursed ring of wizardry
 s - an amulet of rage (around neck)
 B - a +5 ring of strength (right paw)
 C - the ring "Qafanle" (left paw) {Str+4 Int-3 Dex+2 Slay+2}
   (You found it on level 9 of the Dungeon)

   [ring of dexterity]

   It affects your strength (+4).
   It affects your intelligence (-3).
   It affects your dexterity (+2).
   It affects your accuracy and damage with ranged weapons and melee attacks
   (+2).
Wands
 q - a wand of iceblast (2)
 r - a wand of random effects (27)
 u - a wand of polymorph (6)
 E - a wand of enslavement (9)
Scrolls
 d - a scroll of fear {unknown}
 e - 5 scrolls of noise
 g - 4 scrolls of blinking
 l - 4 scrolls of magic mapping
 m - a scroll of identify
 o - 2 scrolls of remove curse
 t - 3 scrolls of immolation
 w - 3 scrolls of teleportation
 x - a scroll of fog
 y - a scroll of summoning {unknown}
Potions
 c - 2 potions of heal wounds
 f - 2 potions of flight
 i - 2 potions of curing
 k - 3 potions of brilliance
 p - 2 potions of ambrosia
 v - a potion of might
 z - a potion of haste
 A - a potion of mutation {unknown}
Books
 I - a manual of Air Magic
Miscellaneous
 D - a lightning rod (4/4)
 F - a lamp of fire
 G - a lightning rod (4/4)
 H - a lamp of fire
Comestibles
 a - 19 rations


   Skills:
 + Level 8.0 Fighting
 + Level 10.3 Dodging
 + Level 10.7 Stealth
 * Level 10.9 Unarmed Combat
 + Level 0.0 Spellcasting
 + Level 0.0 Hexes
 + Level 0.0 Air Magic
 + Level 7.3 Evocations


You had 4 spell levels left.
You knew the following spells:

 Your Spells              Type           Power        Failure   Level  Hunger
a - Confuse               Hex            #.......     78%         3    ####...
b - Sticks to Snakes      Tmut           #.......     54%         2    ###....

Your spell library contained the following spells:

 Spells                   Type           Power        Failure   Level  Hunger
 Shock                    Conj/Air       #...         41%         1    ##.....
 Swiftness                Chrm/Air       #.......     54%         2    ###....
 Static Discharge         Conj/Air       #.......     78%         3    ####...
 Tukima's Dance           Hex            #.......     78%         3    ####...
 Airstrike                Air            #.........   99%         4    #####..
 Lightning Bolt           Conj/Air       #.........   100%        5    ######.
 Discord                  Hex            #.........   100%        8    #######
 Portal Projectile        Hex/Tloc       Unusable     N/A         3    N/A

Dungeon Overview and Level Annotations

Branches:
Dungeon (9/15)             Temple (1/1) D:7           Sewer (visited)
   Lair: D:8-11         Orc: D:9-12

Altars:
Ashenzari
Cheibriados
Dithmenos
Elyvilon
Fedhas
Gozag
Hepliaklqana
Kikubaaqudgha
Makhleb
Nemelex Xobeh
Okawaru
Qazlal
Ru
Sif Muna
Trog
Uskayaw
Vehumet
Wu Jian
Xom
Yredelemnul
Zin
The Shining One

Shops:
D:4 }   D:8 [

Annotations:
D:9 exclusion: 3 doors


Innate Abilities, Weirdness & Mutations

You cannot wear armour.
You are incapable of wielding weapons or throwing items.
Your paws allow you to move quietly. (Stealth)
You have sharp claws.
You have razor-sharp teeth.
You have supernaturally acute eyesight. (SInv)
You are carnivorous and can eat meat at any time.
You cover ground quickly.
You are covered in thick fur. (AC +2)
You have a slow metabolism.
Your sharp claws are effective at attacking unaware monsters.


Message History

There is an open door here.
The efreet is too close now for your liking.
The efreet is too close now for your liking.
No target in view!
No target in view!
The efreet barely misses you.
The worker ant twitches its antennae in your direction.
You scratch the efreet but do no damage.
You claw the efreet! You bite the efreet!
The efreet is heavily wounded.
The efreet gestures at you.
The fireball explodes!
The fireball engulfs you!!
Ouch! That really hurt!
The fireball engulfs the efreet.
The efreet completely resists.
You completely miss the efreet.
The efreet is heavily wounded.
The efreet gestures at you.
The fireball explodes!
The fireball engulfs you!!!
Ouch! That really hurt!
You die...

#.#.#)####.......##....##.#.#
###'#########'#####..####.#.####
........#.........#............#
........#.####..#.#..#########.#
........#...).....#..#########.##
a.......###..######..............
........'.........+..............
........######..###............##
........#.......@.#.############
........#.#.)####R#F#
........#.......☼a#.#
###'#########'#####.#
.............)......#
####.####.########### # #..# #.#
# #e## #.# # #. #.#


You could see an efreet and a worker ant.

Vanquished Creatures
  3 two-headed ogres (D:9)
  An orc sorcerer (D:9)
  2 deep elf magi (D:9)
  Joseph (D:8)
  A kobold demonologist (D:9)
  A hornet (D:8)
  A troll (D:9)
  3 hippogriffs
  2 wyverns (D:8)
  5 yaks
  A steam dragon (D:9)
  A hungry ghost (D:9)
  An acid dragon (D:9)
  3 ice beasts
  3 ogres
  3 orc warriors
  An eye of draining (D:8)
  A black bear (D:9)
  3 phantoms (D:6)
  A necrophage (D:5)
  2 centaurs
  7 bullfrogs
  A big kobold (D:8)
  2 gnoll sergeants
  A scorpion (D:5)
  A killer bee (D:8)
  A wight (D:9)
  A bullfrog zombie (D:6)
  A howler monkey (D:4)
  3 crimson imps (D:6)
  A centaur zombie (D:8)
  3 centaur skeletons
  3 jellies
  3 orc priests
  Crazy Yiuf (D:2)
  2 gnoll shamans
  5 hounds
  2 bullfrog skeletons
  4 iguanas
  Ijyb (D:5)
  2 worker ants
  4 orc wizards
  A hell rat (D:5)
  A killer bee zombie (D:7)
  3 hound zombies
  A hound skeleton (D:4)
  A worker ant zombie (D:8)
  Robin (D:3)
  15 gnolls
  A howler monkey zombie (D:6)
  18 adders
  6 river rats (D:5)
  An ooze (D:1)
  An adder skeleton (D:7)
  An adder zombie (D:5)
  3 worms
  2 dart slugs
  2 leopard geckos (D:1)
  22 orcs
  3 giant cockroaches
  16 goblins
  11 hobgoblins
  10 jackals
  A quokka (D:2)
  4 ball pythons (Sewer)
  A ball python skeleton (D:4)
  7 bats
  7 frilled lizards
  A giant cockroach zombie (D:5)
  A jackal skeleton (D:5)
  15 kobolds
  A leopard gecko skeleton (D:4)
  A quokka zombie (D:8)
  22 rats
  A fungus (D:2)
271 creatures vanquished.

Notes
Turn   | Place    | Note
-------+----------+-------------------------------------------
     0 | D:1      | Descartes the Felid Monk began the quest for the Orb.
     0 | D:1      | Reached XP level 1. HP: 10/10 MP: 2/2
   419 | D:1      | Reached XP level 2. HP: 14/14 MP: 3/3
  1298 | D:1      | Reached XP level 3. HP: 11/17 MP: 4/4
  2004 | D:2      | Reached XP level 4. HP: 4/21 MP: 5/5
  2469 | D:2      | Found a shimmering blue altar of Sif Muna.
  2887 | D:2      | Found a runed translucent door.
  2888 | D:2      | Noticed Crazy Yiuf
  3229 | D:2      | Slain by Crazy Yiuf
  3229 | D:2      | Paralysed by Crazy Yiuf for 5 turns
  3230 | D:2      | Reached XP level 3. HP: -1/17 MP: 4/4
  3323 | D:3      | Found a sparkling altar of Nemelex Xobeh.
  3323 | D:3      | Found an opulent altar of Gozag.
  3380 | D:3      | Noticed Robin
  3424 | D:3      | Killed Robin
  3424 | D:3      | Reached XP level 4. HP: 15/21 MP: 5/5
  3574 | D:3      | Reached skill level 5 in Dodging
  4059 | D:3      | Reached XP level 5. HP: 25/25 MP: 6/6
  4173 | D:3      | Found a faded altar of an unknown god.
  4378 | D:2      | Killed Crazy Yiuf
  5019 | D:4      | Noticed an ogre
  5030 | D:4      | Killed an ogre
  5030 | D:4      | Reached skill level 5 in Unarmed Combat
  5030 | D:4      | Gained mutation: You are covered in thick fur. (AC +2)
                  | [Felid growth]
  5030 | D:4      | Reached XP level 6. HP: 28/28 MP: 7/7
  5117 | D:4      | Reached skill level 5 in Stealth
  5746 | D:4      | Found Muhox's Gadget Emporium.
  5754 | D:4      | Bought a wand of iceblast (3) for 70 gold pieces
  6469 | D:5      | Entered Level 5 of the Dungeon
  6851 | D:5      | HP: 1/28 [river rat (5)]
  7790 | D:5      | Noticed Ijyb
  7817 | D:5      | Killed Ijyb
  7817 | D:5      | Reached skill level 1 in Evocations
  7817 | D:5      | Reached XP level 7. HP: 33/33 MP: 8/8
  8640 | D:5      | Found a hazy altar of Hepliaklqana.
  9855 | D:5      | Found the +2 ratskin cloak {+Rats rPois rN+ Str-1 Int-1
                  | Dex+1}
 10323 | D:6      | Noticed a yak
 10323 | D:6      | Noticed a yak
 10323 | D:6      | Noticed a yak
 10324 | D:6      | Killed a yak
 10326 | D:6      | Killed a yak
 10326 | D:6      | Reached skill level 5 in Fighting
 10326 | D:6      | Reached XP level 8. HP: 35/35 MP: 9/11
 10384 | D:6      | Found a glowing drain.
 10403 | Sewer    | Entered a sewer
 10602 | Sewer    | Got a fine dagger
 10896 | D:6      | Found an ancient bone altar of Kikubaaqudgha.
 11347 | D:4      | Found an ornate altar of the Wu Jian Council.
 11726 | D:5      | Found a hazy altar of Hepliaklqana.
 12773 | D:6      | Reached XP level 9. HP: 22/39 MP: 11/13
 13068 | D:6      | Found a snail-covered altar of Cheibriados.
 14174 | D:7      | Found a shattered altar of Ashenzari.
 14598 | D:8      | Found a radiant altar of Vehumet.
 14598 | D:8      | Found a shadowy altar of Dithmenos.
 14601 | D:8      | Found a blossoming altar of Fedhas.
 14640 | D:8      | Noticed Joseph
 14648 | D:8      | Killed Joseph
 14648 | D:8      | Reached skill level 5 in Evocations
 14680 | D:8      | Found an iron altar of Okawaru.
 15399 | D:8      | Found a shattered altar of Ashenzari.
 15408 | D:7      | Found a staircase to the Ecumenical Temple.
 15415 | Temple   | Entered the Ecumenical Temple
 16189 | D:8      | Found Xeusoto's Antique Armour Shoppe.
 16563 | D:8      | Reached XP level 10. HP: 41/46 MP: 15/15
 17632 | D:9      | Noticed an orc sorcerer
 17636 | D:9      | Killed an orc sorcerer
 17655 | D:9      | Noticed a deep elf mage
 17704 | D:9      | Noticed a two-headed ogre
 17954 | D:9      | Killed from afar by an orc priest
 17955 | D:9      | Reached XP level 9. HP: -5/43 MP: 14/14
 17970 | D:9      | Noticed a troll
 18327 | D:9      | Noticed a two-headed ogre
 18379 | D:9      | Killed a two-headed ogre
 18379 | D:9      | Reached skill level 10 in Unarmed Combat
 18409 | D:9      | Killed a troll
 18409 | D:9      | Reached skill level 10 in Stealth
 18470 | D:9      | Killed a deep elf mage
 18470 | D:9      | Reached XP level 10. HP: 47/47 MP: 15/15
 18497 | D:9      | Got a steaming marble ring
 18499 | D:9      | Identified the ring "Qafanle" {Str+4 Int-3 Dex+2 Slay+2}
                  | (You found it on level 9 of the Dungeon)
 18568 | D:9      | Noticed a two-headed ogre
 18570 | D:9      | Killed a two-headed ogre
 18571 | D:9      | Reached skill level 10 in Dodging
 18633 | D:9      | Killed a two-headed ogre
 19108 | D:9      | Noticed a deep elf mage
 19164 | D:8      | Slain by a hornet
 19165 | D:8      | Reached XP level 9. HP: -4/44 MP: 15/15
 19256 | D:8      | Found a shattered altar of Ashenzari.
 19409 | D:9      | Killed a deep elf mage
 19409 | D:9      | Reached XP level 10. HP: 48/48 MP: 16/16
 19414 | D:9      | Found the +15 Maxwell's patent armour {-Cast -Tele rElec
                  | MR+ rCorr}
 19450 | D:9      | Identified Ifahuepi's Tome of Mutagenic Enchantment
 19456 | D:9      | Learned a level 3 spell: Confuse
 19459 | D:9      | Learned a level 2 spell: Sticks to Snakes
 19592 | D:9      | Killed from afar by an efreet

Levels and vault maps discovered:
D:1:      lightli_arrival_lavapool, layout_basic, minmay_misc_feat_hallway
D:2:      layout_loops_ring, lemuel_round_altar, minmay_goblin_kobold_house,
          uniq_crazy_yiuf_cottage
D:3:      layout_basic, grunt_temple_overflow_opulence,
          chequers_ecumenical_altar_twisty, uniq_robin
D:4:      layout_basic, nicolae_overflow_hidden_temple, serial_co_window_serial,
          co_window_corner_a, co_window_corner_a, co_window_corner_a,
          co_window_corner_a, co_window_corner_a, co_window_corner_a,
          co_window_paths_b, co_window_unsneaky_path_a,
          co_window_unsneaky_path_b, co_window_broadway_a, co_window_corner_b,
          co_window_of_opportunity_b, co_window_of_opportunity_b,
          co_window_4corner_b, glass_columns_a, glass_columns_b,
          glass_columns_c, serial_shops, nicolae_shop_waterfront, first_ration
D:5:      wander_guarded_unrand_ratskin, layout_basic,
          nicolae_overflow_crystal_walls, uniq_ijyb
D:6:      minmay_razor_zed, layout_rooms, kennysheep_mini_moat,
          old_standard_altar, cheibrodos_sewer_entry_bend
D:7:      layout_basic, overflow_temple_1_default, temple_fountains,
          serial_curves, eino_curves_01, eino_curves_01, eino_curves_02
D:8:      minmay_s_stair_smasher, layout_basic, okawaru_ov_weapons_minmay,
          chequers_temple_overflow_statue_of_worship, serial_shops, shop,
          ashenzari_altar_1, uniq_joseph
D:9:      minmay_the_grid_3x3 [minmay_the_grid_broken_lines,
          minmay_the_grid_empty, minmay_the_grid_tri_star, minmay_the_grid_x,
          minmay_the_grid_box_x, minmay_the_grid_outer_diamond,
          minmay_the_grid_dragon_a, minmay_the_grid_dragon_b,
          minmay_the_grid_prize_trominoes], layout_loops_ring
Temple:   jpeg_temple_alley_garden

Skill      XL: |  1  2  3  4  5  6  7  8  9 10 |
---------------+-------------------------------+-----
Stealth        | 3 4 5 6 7 10 | 10.7
Unarmed Combat | 4 5 6 7 10 | 10.9
Dodging        | 5 6 7 8 10 | 10.3
Fighting       | 4 5 8 7 |  8.0
Evocations     | 1 2 4 5 7 |  7.3

Action                   |  1- 3 |  4- 6 |  7- 9 | 10-12 || total
-------------------------+-------+-------+-------+-------++-------
Melee: Unarmed           |   142 |   285 |   547 |   155 ||  1129
       Bite              |     6 |    32 |    57 |    25 ||   120
       Punch             |     3 |     4 |    18 |    10 ||    35
Evoke: Wand              |       |       |     1 |       ||     1
  Use: Scroll            |     5 |    10 |     5 |     1 ||    21
       Potion            |       |       |     2 |     1 ||     3
 Stab: Sleeping          |    16 |    13 |    29 |    11 ||    69
       Distracted        |       |     2 |     6 |       ||     8
  Eat: Chunk             |     9 |    16 |    26 |     5 ||    56
Armor: Skin              |     2 |     3 |    18 |     8 ||    31
Dodge: Dodged            |    92 |   192 |   432 |   181 ||   897
